 Dungeon Crawl Stone Soup version 0.24.0-13-gcf9b319 (webtiles) character file.

Game seed: 8557603906103414677, levelgen mode: deterministic

214 Doobh the Insei (level 5, 0/38 HPs)
             Began as a Demonspawn Transmuter on Dec 30, 2019.
             Slain by a gnoll
             ... wielding a +0 spear
              (5 damage)
             ... on level 3 of the Dungeon.
             The game lasted 00:18:02 (4833 turns).

Doobh the Insei (Demonspawn Transmuter)             Turns: 4833, Time: 00:18:03

Health: 0/38       AC:  7    Str: 11    XL:     5   Next: 59%
Magic:  7/8        EV:  9    Int: 17    God:
Gold:   211        SH:  0    Dex: 14    Spells: 8/9 levels left

rFire    + . .     SeeInvis .     - Unarmed
rCold    . . .     Gourm    .   (no shield)
rNeg     . . .     Faith    .   s - +1 scale mail
rPois    .         Spirit   .   (no helmet)
rElec    .         Reflect  .   (no cloak)
rCorr    .         Harm     .   (no gloves)
MR       .....                  (no boots)
Stlth    +.........             (no amulet)
HPRegen  0.12/turn              (no ring)
MPRegen  0.11/turn              (no ring)

@: brilliant, very slightly contaminated
A: claws 1, blink, dopey 1, fire resistance 1, wild magic 1
a: Blink


You were on level 3 of the Dungeon.
You were not hungry.

You visited 1 branch of the dungeon, and saw 4 of its levels.

You collected 211 gold pieces.

Inventory:

Missiles
 a - 44 arrows
Armour
 b - a +0 robe
 s - a +1 scale mail (worn)
Jewellery
 h - an uncursed ring of protection from cold {unknown}
 i - an uncursed amulet of rage
 l - a cursed amulet of inaccuracy {unknown}
 m - a +4 ring of dexterity {unknown}
 p - a +2 ring of intelligence {unknown}
Scrolls
 e - 3 scrolls of enchant armour
 f - a scroll of identify
 g - 2 scrolls of teleportation {unknown}
 k - 2 scrolls of amnesia {unknown}
 o - 5 scrolls of remove curse {unknown}
 q - a scroll of magic mapping {unknown}
 r - a scroll of fear {unknown}
Potions
 c - a potion of mutation
Comestibles
 d - 7 rations


   Skills:
 + Level 1.9 Fighting
 + Level 1.3 Armour
 + Level 2.4 Dodging
 + Level 1.7 Stealth
 + Level 3.2 Unarmed Combat
 * Level 2.6 Spellcasting
 * Level 3.2 Transmutations


You had 8 spell levels left.
You knew the following spells:

 Your Spells              Type           Power        Failure   Level  Hunger
a - Beastly Appendage     Tmut           ####..       4%          1    #......

Your spell library contained the following spells:

 Spells                   Type           Power        Failure   Level  Hunger
 Sticks to Snakes         Tmut           ####....     7%          2    ##.....
 Spider Form              Tmut/Pois      ###.......   21%         3    ###....
 Ice Form                 Ice/Tmut       ###.....     50%         4    #####..
 Blade Hands              Tmut           ####......   61%         5    ######.


Dungeon Overview and Level Annotations

Branches:
Dungeon (4/15)
 Temple: D:4-7

Altars:
Fedhas
Gozag
Makhleb
Okawaru
Qazlal
Trog
Uskayaw
Zin
The Shining One


Innate Abilities, Weirdness & Mutations

You have sharp fingernails.
Your flesh is heat resistant. (rF+)
You can translocate small distances at will.
You are dopey. (Int -2)
Your spells are a little harder to cast, but a little more powerful.


Message History

You scratch the gnoll but do no damage.
The gnoll is heavily wounded.
The gnoll hits you with a +0 spear. The gnoll closely misses you.
It was a potion of brilliance.
You feel clever all of a sudden. The gnoll hits you with a +0 whip!
* * * LOW HITPOINT WARNING * * *
The gnoll hits you with a +0 spear.
* * * LOW HITPOINT WARNING * * *
As you read the scroll labeled DICWYE MOUGYRCH, it crumbles to dust.
It is a scroll of enchant armour.
Your +0 scale mail glows green for a moment.
The gnoll hits you with a +0 spear.
* * * LOW HITPOINT WARNING * * *
The gnoll hits you but does no damage.
As you read the scroll labeled SETUXE OSUXT, it crumbles to dust.
It is a scroll of identify.
i - an uncursed amulet of rage The gnoll hits you with a +0 spear.
You die...

≈#§#..........##.#
#.#
≈#≈............#.#
#.#
##≈......÷...#o#.#
#.#
#≈≈......#####.#.#
#.# .........#
#...# #.#
.........# ##..#
#.# .........#
#or# #.#
.........#
##g#######.##
##########
#@g........#
############


You could see 2 gnolls, 2 orcs and a quokka.

Vanquished Creatures
  A water moccasin skeleton (D:4)
  A gnoll shaman (D:2)
  3 gnolls
  4 adders
  2 oozes
  6 leopard geckos
  3 bats
  4 giant cockroaches
  6 goblins
  4 hobgoblins
  6 jackals
  A quokka (D:2)
  7 frilled lizards
  6 kobolds
  9 rats
63 creatures vanquished.

Notes
Turn   | Place    | Note
-------+----------+-------------------------------------------
     0 | D:1      | Doobh the Demonspawn Transmuter began the quest for the
                  | Orb.
     0 | D:1      | Reached XP level 1. HP: 15/15 MP: 3/3
   426 | D:1      | Gained mutation: You have sharp fingernails. [demonic
                  | ancestry]
   426 | D:1      | Reached XP level 2. HP: 20/21 MP: 3/5
  1439 | D:2      | Reached XP level 3. HP: 19/26 MP: 6/6
  1911 | D:2      | Reached skill level 1 in Stealth
  1920 | D:2      | Reached XP level 4. HP: 16/32 MP: 5/7
  2074 | D:2      | Reached skill level 1 in Armour
  2198 | D:2      | Found an iron altar of Okawaru.
  2198 | D:2      | Found a hide-covered altar of Uskayaw.
  2252 | D:2      | Found a glowing golden altar of the Shining One.
  2372 | D:2      | Found a stormy altar of Qazlal.
  2405 | D:2      | Found a burning altar of Makhleb.
  2642 | D:2      | Found a glowing silver altar of Zin.
  3033 | D:3      | Gained mutation: Your flesh is heat resistant. (rF+)
                  | [demonic ancestry]
  3033 | D:3      | Reached XP level 5. HP: 35/38 MP: 6/8
  3058 | D:3      | Noticed an ogre
  3088 | D:3      | Found a bloodstained altar of Trog.
  3266 | D:3      | Found an opulent altar of Gozag.
  4294 | D:3      | Found a faded altar of an unknown god.
  4391 | D:2      | Found a blossoming altar of Fedhas.
  4511 | D:3      | Gained mutation: You are dopey. (Int -2) [potion of
                  | mutation]
  4511 | D:3      | Gained mutation: Your spells are a little harder to cast,
                  | but a little more powerful. [potion of mutation]
  4511 | D:3      | Gained mutation: You can translocate small distances at
                  | will. [potion of mutation]
  4833 | D:3      | Slain by a gnoll

Levels and vault maps discovered:
D:1:      eino_arrival_water_star, layout_loops_corners, st_stairs_13,
          palyth_stone_intersect, chequers_big_river
D:2:      layout_loops_cross, marbit_many_paths, nicolae_overflow_hidden_temple,
          overflow_temple_1_default, due_unseen_surprise
D:3:      layout_basic, grunt_gozag_breadcrumbs, lightli_temple_of_fire,
          chequers_ecumenical_altar_grove, first_ration
D:4:      layout_cave_pools, chequers_serial_rivers_marsh,
          kennysheep_generic_room_13, uniq_crazy_yiuf_cottage, uniq_sigmund,
          uniq_blork_the_orc

Skill      XL: |  1  2  3  4  5 |
---------------+----------------+-----
Transmutations | 2 3 |  3.2
Dodging        | 2 |  2.4
Unarmed Combat | 3 |  3.2
Stealth        | 1 |  1.7
Armour         | 1 |  1.3
Fighting       | |  1.9
Spellcasting   | |  2.6

Action                   |  1- 3 |  4- 6 || total
-------------------------+-------+-------++-------
Melee: Unarmed           |    82 |   132 ||   214
       Headbutt          |     4 |     1 ||     5
       Punch             |     2 |     2 ||     4
       Kick              |     2 |     3 ||     5
 Cast: Beastly Appendage |    11 |    10 ||    21
  Use: Potion            |       |     3 ||     3
       Scroll            |       |     2 ||     2
 Stab: Sleeping          |     2 |     1 ||     3
  Eat: Chunk             |     1 |     4 ||     5
       Ration            |     1 |     2 ||     3
Armor: Robe              |     9 |     9 ||    18
       Scale mail        |       |    21 ||    21
Dodge: Dodged            |    44 |    88 ||   132
